AoeStats
← Karos

Arena

506696698Analyzed
3v3 RM · 16d ago on Sep 14, 2026· 62m 40s· 6 players
Game mode
Random Map
Map size
Normal (6 player)
Population
200
Speed
Normal
Resources
Standard
Victory
Conquest
Starting age
Dark Age
Ending age
Imperial Age
RankedLock teamsTeams togetherTeam positionsShared explorationLock speedFull tech treeHidden civsTurbo modeCheats
Victory
Defeat
🇩🇪 Turks · Germany
865
+15
🇩🇪 Malay · Germany
837
+17
🇮🇹 Khmer · Italy
826
+17
🇮🇶 Franks · Iraq
985
-53
🇮🇶 Romans · Iraq
790
-14
🇺🇸 Khmer · United States
773
-13
Rayman
12:26 Feudal Age
12:51 Horse Collar
13:03 Double-Bit Axe
19:26 Castle Age
18:18 Forging
20:00 Scale Mail Armor
20:24 Heavy Plow
20:38 Bow Saw
22:58 Iron Casting
22:39 Chain Mail Armor
26:03 Squires
26:25 Fletching
28:06 Wheelbarrow
28:01 Gold Mining
28:03 Stone Mining
32:32 Imperial Age
30:52 Gold Shaft Mining
31:11 Hand Cart
32:36 Elite Janissary
34:27 Squires
35:45 Blast Furnace
35:28 Ballistics
40:14 Conscription
40:58 Masonry
42:03 Caravan
45:06 Artillery
62:27 Plate Mail Armor
62:30 Architecture
Och Nö
11:09 Feudal Age
16:36 Castle Age
15:54 Double-Bit Axe
17:12 Horse Collar
17:57 Bow Saw
18:22 Forging
27:51 Heavy Plow
30:28 Wheelbarrow
31:20 Scale Barding Armor
31:34 Gold Mining
31:34 Stone Mining
32:12 Husbandry
35:45 Hand Cart
42:46 Imperial Age
42:44 Iron Casting
41:36 Elite Battle Elephant
45:32 Blast Furnace
45:56 Capped Ram
47:26 Conscription
50:11 Light Cavalry
52:38 Pikeman
53:19 Squires
53:05 Arson
53:33 Squires
53:22 Arson
57:16 Caravan
59:14 Crop Rotation
60:00 Forced Levy
61:03 Man-at-Arms
Gireb2611
1:56 Loom
2:15 Loom
3:39 Loom
3:47 Loom
4:33 Loom
4:57 Loom
9:39 Feudal Age
12:01 Wheelbarrow
11:40 Town Watch
11:39 Horse Collar
12:33 Double-Bit Axe
16:34 Stone Mining
16:36 Gold Mining
19:20 Castle Age
18:56 Bloodlines
19:10 Scale Barding Armor
19:16 Forging
20:31 Hand Cart
21:40 Town Watch
22:48 Heavy Plow
23:45 Bow Saw
24:43 Gold Shaft Mining
26:14 Fletching
27:47 Pikeman
29:52 Fortified Wall
31:17 Stone Shaft Mining
31:28 Town Patrol
34:26 Ballistics
34:02 Murder Holes
37:23 Imperial Age
35:32 Chain Barding Armor
35:14 Scale Mail Armor
36:50 Tusk Swords
37:57 Husbandry
39:53 Plate Barding Armor
39:34 Chain Mail Armor
39:56 Iron Casting
39:57 Plate Barding Armor
39:43 Conscription
39:47 Double Crossbow
40:05 Man-at-Arms
40:48 Long Swordsman
41:59 Heavy Scorpion
42:27 Capped Ram
IamxSaVaGe7117
11:09 Feudal Age
16:44 Castle Age
20:17 Double-Bit Axe
21:59 Bow Saw
23:43 Husbandry
32:47 Imperial Age
32:10 Wheelbarrow
35:41 Ballistics
35:28 Heavy Scorpion
36:04 Fletching
39:38 Tusk Swords
39:43 Double Crossbow
43:03 Conscription
45:47 Bodkin Arrow
45:57 Caravan
46:30 Coinage
58:51 Hand Cart
Karos
14:40 Feudal Age
16:01 Wheelbarrow
16:05 Double-Bit Axe
16:50 Gold Mining
17:14 Stone Mining
20:48 Castle Age
19:14 Scale Barding Armor
19:20 Forging
22:35 Hand Cart
22:35 Bow Saw
23:21 Chain Barding Armor
23:36 Iron Casting
29:39 Husbandry
34:20 Imperial Age
32:08 Town Watch
34:55 Caravan
35:38 Plate Barding Armor
36:04 Blast Furnace
34:26 Cavalier
40:42 Paladin
43:19 Town Patrol
44:45 Chemistry
Eraser
11:14 Feudal Age
16:25 Castle Age
14:14 Double-Bit Axe
14:40 Scale Mail Armor
15:45 Man-at-Arms
17:34 Squires
19:04 Long Swordsman
30:42 Loom
32:29 Bow Saw
35:16 Caravan
39:50 Chain Mail Armor
39:39 Pikeman
46:28 Imperial Age
43:41 Horse Collar
44:57 Fletching
Connection lost

Rejoining the realm…

Still unreachable

The connection could not be restored.

Session expired

The server has moved on; the page needs a fresh start.